 Dungeon Crawl Stone Soup version 0.31-a0-841-g038b102fc3 (webtiles) character file.

Game seed: 14425872940737706982

95 LeprechaunX the Changeling (level 4, -4/29 HPs)
             Began as an Octopode Shapeshifter on Sept 28, 2023.
             Slain by a gnoll
             ... wielding a +0 spear
              (5 damage)
             ... on level 3 of the Dungeon.
             The game lasted 00:02:28 (1855 turns).

LeprechaunX the Changeling (Octopode Shapeshifter)  Turns: 1855, Time: 00:02:29

Health: -4/29      AC:  1    Str: 15    XL:     4   Next: 65%
Magic:  4/4        EV: 13    Int: 12    God:
Gold:   115        SH:  0    Dex: 11    Spells: 3/3 levels left

rFire   . .          .
                       - Unarmed
rCold   . . .        (no shield)
rNeg    . . .        (helmet currently unavailable)
rPois   .            (no amulet)
rElec   .            (no ring)
rCorr   .            (no ring)
SInv    .            (no ring)
Will    .....        (no ring)
Stlth   ++           (no ring)
HPRegen 0.24/turn    (no ring)
MPRegen 0.09/turn    (no ring)
                     (no ring)

%: no passive effects
@: beast-form
A: beast (slay +2), almost no armour, amphibious, 8 rings, camouflage 1,
gelatinous body 1, (nimble swimmer 1), tentacles
a: Begin Untransformation


You were on level 3 of the Dungeon.
You were a hulking beast.
You visited 1 branch of the dungeon, and saw 3 of its levels.

You collected 141 gold pieces.
You spent 26 gold pieces at shops.

Inventory:

Hand Weapons
 o - a +0 sling
Jewellery
 k - a +5 ring of evasion
 n - an amulet of magic regeneration
Talismans
 b - a beast talisman (active)
 c - a flux talisman
Scrolls
 e - a scroll of torment {unknown}
 g - 2 scrolls of teleportation {unknown}
 h - 2 scrolls of enchant armour {unknown}
 i - a scroll of poison {unknown}
 j - a scroll of identify
 l - a scroll of enchant weapon {unknown}
 p - a scroll of immolation {unknown}
Potions
 a - 3 potions of lignification
 d - a potion of mutation {unknown}
 f - a potion of attraction {unknown}
 m - a potion of haste {unknown}


   Skills:
 + Level 2.1 Fighting
 + Level 2.7 Dodging
 + Level 3.5 Unarmed Combat
 * Level 3.8 Shapeshifting


You had 3 spell levels left.
You didn't know any spells.
Your spell library contained the following spells:

 Spells                   Type           Power      Damage    Failure   Level
 Animate Dead             Necr           0%         N/A       97%         4
 Haunt                    Necr/Summ      0%         N/A       100%        7
 Infestation              Necr           0%         N/A       100%        8


Dungeon Overview and Level Annotations

Branches:
Dungeon (3/15)

Altars:

Shops:
D:2 ?

Annotations:
D:2 1 runed translucent door, Crazy Yiuf


Innate Abilities, Weirdness & Mutations

You are a hulking beast.
Your limbs bulge with bestial killing power. (Slay +2)
You cannot wear most types of armour.
You are amphibious.
You can wear up to eight rings at the same time.
Your skin changes colour to match your surroundings (Stealth+).
Your rubbery body absorbs attacks. (AC +1, EV +1)
((You are camouflaged when in or above water. (Stealth+)))
You have tentacles for arms and can constrict up to eight enemies at once.


Message History

A gnoll comes into view. It is wielding a +0 spear.
A hobgoblin, a rat and a gnoll come into view.
The gnoll is wielding a +0 halberd.
The gnoll shouts!
The rat bites you.
You closely miss the rat. You grab the rat. You squeeze the rat.
You kill the rat!
You barely miss the gnoll. Your grab misses the gnoll. You squeeze the gnoll!
The gnoll is almost dead.
The gnoll hits you with a +0 whip.
You barely miss the gnoll. You grab the gnoll.
The gnoll is almost dead.
You constrict the gnoll.
The gnoll struggles to escape constriction.
You tentacle-slap the gnoll.
You kill the gnoll!
You tentacle-slap the gnoll. Your grab misses the gnoll.
The gnoll is lightly wounded.
The gnoll hits you with a +0 whip.
The gnoll hits you from afar with a +0 spear.
You are too injured to fight recklessly!
You are too injured to fight recklessly!
You are too injured to fight recklessly!
You barely miss the gnoll. Your grab misses the gnoll.
Your squeeze misses the gnoll.
The gnoll is lightly wounded.
The gnoll closely misses you.
The gnoll hits you from afar with a +0 spear.
* * * LOW HITPOINT WARNING * * *
You closely miss the gnoll. You grab the gnoll. You squeeze the gnoll!
The gnoll is almost dead.
You constrict the gnoll. The gnoll misses you.
The gnoll hits you with a +0 whip.
* * * LOW HITPOINT WARNING * * *
Unknown command.
You tentacle-slap the gnoll.
You kill the gnoll!
The gnoll barely misses you. The gnoll hits you with a +0 spear.
You die...

....#.....#....#
#.........###.# #
#..........##.##.
#..........##....
#.........[.#..##
#..........#....
#..............#
...#######..............
#..grgh..........#####.
#######..........# #.
............# ##
#.##.........# #
..............# # ...
..#.......## #
.......##......# # ...
.g ####..


You could see 2 gnolls and a rat.

Vanquished Creatures
  2 gnolls (D:3)
  An adder (D:2)
  A worm (D:2)
  A dart slug (D:1)
  An orc (D:3)
  7 ball pythons
  2 bats
  5 endoplasms
  3 giant cockroaches
  4 goblins
  3 hobgoblins
  3 jackals (D:1)
  7 quokkas
  2 frilled lizards (D:1)
  5 kobolds
  10 rats
57 creatures vanquished.

Notes
Turn   | Place    | Note
-------+----------+-------------------------------------------
     0 | D:1      | LeprechaunX the Octopode Shapeshifter began the quest for
                  | the Orb.
     0 | D:1      | Reached XP level 1. HP: 13/13 MP: 1/1
    48 | D:1      | Found a faded altar of an unknown god.
    61 | D:1      | Reached XP level 2. HP: 11/18 MP: 2/2
   343 | D:1      | Reached XP level 3. HP: 22/23 MP: 3/3
  1122 | D:2      | Found Luorogu's Magic Scroll Boutique.
  1146 | D:2      | Bought a scroll of identify for 26 gold pieces
  1446 | D:2      | Reached XP level 4. HP: 29/29 MP: 4/4
  1555 | D:2      | Found a runed translucent door.
  1556 | D:2      | Noticed Crazy Yiuf
  1853 | D:3      | HP: 1/29 [gnoll/+0 whip (5)]
  1855 | D:3      | Slain by a gnoll

Illustrated notes

Levels and vault maps discovered:
D:1:      saegor_arrival_simple_b, layout_basic,
          chequers_ecumenical_altar_island
D:2:      layout_basic, serial_shops, shop, uniq_crazy_yiuf_cottage
D:3:      layout_rooms, portal_sewer_entry_a

Skill      XL: |  1  2  3  4 |
---------------+-------------+-----
Fighting       | 2 |  2.1
Dodging        | |  2.7
Unarmed Combat | |  3.5
Shapeshifting  | |  3.8

Action                     |  1- 3 |  4- 6 || total
---------------------------+-------+-------++-------
  Melee: Unarmed           |    84 |    19 ||   103
         Constrict         |    21 |     5 ||    26
         Tentacles         |    10 |     8 ||    18
         Punch             |     3 |     2 ||     5
   Stab: Sleeping          |    10 |       ||    10
 Armour: Skin              |    29 |    12 ||    41
  Dodge: Dodged            |    37 |    10 ||    47

Table legend: (Time is in decaauts)
 A = Elapsed time spent in this place.
 B = Non-inter-level travel time spent in this place.
 C = Inter-level travel time spent in this place.
 D = Time resting spent in this place.
 E = Time spent auto-exploring this place.
 F = Levels seen in this place.
 G = Mean time per level.
                   A        B        C        D        E       F      G
               +--------+--------+--------+--------+--------+-----+--------+
         Total |   1848 |   1801 |     47 |      0 |   1440 |   3 |  616.0 |
       Dungeon |   1848 |   1801 |     47 |      0 |   1440 |   3 |  616.0 |
               +--------+--------+--------+--------+--------+-----+--------+

Top non-repeatable levels by time:
     D:1: 931 daAuts
     D:2: 825 daAuts
     D:3: 90 daAuts
